 Dungeon Sprint DCSS version 0.30-a0-272-gf98c3da03f (webtiles) character file.

Game seed: 4270759962325742964

446 Low2 the Cruncher (level 7, -8/78 HPs)
             Began as an Ogre Gladiator on Oct 15, 2022.
             Was an Initiate of Jiyva.
             Mangled by Sonja
             ... wielding a +0 dagger of distortion
              (14 damage)
             ... in the Dungeon (Sprint I: "Red Sonja").
             The game lasted 00:02:49 (142 turns).

Low2 the Cruncher (Ogre Gladiator)                   Turns: 142, Time: 00:02:50

Health: -8/78      AC:  3    Str: 21    XL:     7   Next: 3%
Magic:  7/7        EV: 12    Int:  9    God:    Jiyva [......]
Gold:   162        SH:  0    Dex: 10    Spells: 6/6 levels left

rFire   . . .      SeeInvis .    e - +2 halberd (vamp)
rCold   . . .      Faith    .    (shield currently unavailable)
rNeg    . . .      Spirit   .    b - +0 robe
rPois   .          Reflect  .    c - +0 hat
rElec   .          Harm     .    (no cloak)
rCorr   .          Rampage  .    (gloves unavailable)
Will    .....      NoTele   +    (boots unavailable)
Stlth   ++........               (no amulet)
HPRegen 0.33/turn                (no ring)
MPRegen 0.10/turn                (no ring)

@: lethally poisoned (-8 -> -9), slowed, very slow
A: large, unfitting armour, tough skin 1
a: Renounce Religion


You were in the Dungeon.
You worshipped Jiyva.
Jiyva was noncommittal.
You visited 1 branch You collected 162 gold pieces.

Inventory:

Hand Weapons
 a - a +0 quarterstaff
 e - a +2 vampiric halberd (weapon)
Armour
 b - a +0 robe (worn)
 c - a +0 hat (worn)
Wands
 d - a wand of digging (3)
Potions
 h - a potion of haste
 i - 2 potions of magic
 j - a potion of berserk rage


   Skills:
 + Level 7.0 Fighting
 + Level 0.4(5.5) Polearms
 + Level 8.8 Staves
 + Level 6.2 Throwing
 + Level 7.7 Dodging
 + Level 3.4 Stealth


You had 6 spell levels left.
You didn't know any spells.
Your spell library was empty.

Dungeon Overview and Level Annotations

Branches:
Dungeon (1/1)

Altars:
Cheibriados
Dithmenos
Elyvilon
Fedhas
Gozag
Hepliaklqana
Kikubaaqudgha
Makhleb
Nemelex Xobeh
Okawaru
Qazlal
Ru
Sif Muna
Trog
Uskayaw
Vehumet
Wu Jian
Xom
Yredelemnul
Zin
The Shining One
Jiyva
Lugonu

Shops:
D (

Annotations:
D Sonja


Innate Abilities, Weirdness & Mutations

You are too large for most types of armour.
You have tough skin. (AC +1)


Message History

The curare-tipped dart barely misses you.
You see here 27 gold pieces.
Okay, then.
You feel sick.
You hear a distant slurping noise.
Sonja throws a curare-tipped dart.
The curare-tipped dart hits you.
You are more poisoned.
You have difficulty breathing.
You feel as though you will be slow longer.
You see here 27 gold pieces.
Blink to where?
Press: ? - help, Dir - move target, p - Sonja
As you read the scroll of blinking, it crumbles to dust.
You feel very sick.
Sonja gestures wildly while chanting.
Sonja blinks!
You feel very sick.
Sonja throws a curare-tipped dart.
The curare-tipped dart barely misses you.
Sonja says, "I'm academy-trained, you know."
Okay, then.
You feel sick.
Sonja gestures wildly while chanting.
Sonja blinks!
There is an open door, spattered with blood here.
You feel sick.
You hear a distant slurping noise.
You feel sick.
Sonja hits you with a +0 dagger of distortion. x2
Space warps horribly around you!
* * * LOW HITPOINT WARNING * * *
Sonja misses you.
Sonja hits you with a +0 dagger of distortion!
* * * LOW HITPOINT WARNING * * *
Space warps around you.
* * * LOW HITPOINT WARNING * * *
Sonja hits you with a +0 dagger of distortion.
* * * LOW HITPOINT WARNING * * *
Space warps horribly around you!
You die...

###################
#<.#..)..#.)'..#__#
#..').#..'..#J.'..+
#..#####'#####'#__#
#..####..#$$$#.####
#..#__####$$##.#
#..#_____##'#_.+
#⌠⌠#_.∩...@..._#
####_.G__##K.#+#
#__G__###.# #######
.# .. ..# .## +#


You could see Sonja, a neutral shining eye (wandering) (fellow slime) and a
neutral floating eye (wandering) (fellow slime).

Vanquished Creatures
  Sigmund (D)
  A yak (D)
  An ogre (D)
  A jelly (D)
  Ijyb (D)
5 creatures vanquished.

Vanquished Creatures (others)
  7 necrophages (D)
  5 jellies (D)
12 creatures vanquished.

Grand Total: 17 creatures vanquished

Notes
Turn   | Place    | Note
-------+----------+-------------------------------------------
     0 | D        | Low2 the Ogre Gladiator began the quest for the Orb.
     0 | D        | Reached XP level 1. HP: 22/22 MP: 1/1
     2 | D        | Noticed Ijyb
    23 | D        | Killed Ijyb
    24 | D        | Reached skill level 4 in Staves
    24 | D        | Reached XP level 2. HP: 27/32 MP: 2/2
    24 | D        | Reached XP level 3. HP: 33/39 MP: 3/3
    29 | D        | Noticed an ogre
    35 | D        | Killed an ogre
    36 | D        | Reached skill level 6 in Staves
    36 | D        | Reached skill level 5 in Dodging
    36 | D        | Reached skill level 1 in Stealth
    36 | D        | Reached XP level 4. HP: 46/49 MP: 4/4
    50 | D        | Noticed Sigmund
    52 | D        | Killed Sigmund
    53 | D        | Reached skill level 7 in Staves
    53 | D        | Reached skill level 5 in Throwing
    53 | D        | Reached XP level 5. HP: 59/59 MP: 5/5
    53 | D        | Reached XP level 6. HP: 67/67 MP: 6/6
    69 | D        | Found an ornate altar of the Wu Jian Council.
    69 | D        | Found a shimmering blue altar of Sif Muna.
    72 | D        | Reached skill level 8 in Staves
    72 | D        | Found a radiant altar of Vehumet.
    94 | D        | Found a burning altar of Makhleb.
    94 | D        | Found a viscous altar of Jiyva.
    94 | D        | Found a shimmering altar of Xom.
    94 | D        | Found a corrupted altar of Lugonu.
    94 | D        | Noticed a slime creature
    99 | D        | Became a worshipper of Jiyva Joedghad the Shapeless
   113 | D        | Found Taoleepp's Antique Weapon Emporium.
   113 | D        | Found an ancient bone altar of Kikubaaqudgha.
   113 | D        | Found a hazy altar of Hepliaklqana.
   113 | D        | Found a stormy altar of Qazlal.
   113 | D        | Found a hide-covered altar of Uskayaw.
   113 | D        | Found a blossoming altar of Fedhas.
   113 | D        | Found a bloodstained altar of Trog.
   113 | D        | Found an iron altar of Okawaru.
   113 | D        | Found a basalt altar of Yredelemnul.
   113 | D        | Found a glowing golden altar of the Shining One.
   113 | D        | Found a snail-covered altar of Cheibriados.
   113 | D        | Found a sacrificial altar of Ru.
   113 | D        | Found a glowing silver altar of Zin.
   113 | D        | Found a shadowy altar of Dithmenos.
   113 | D        | Found a white marble altar of Elyvilon.
   113 | D        | Noticed a yak
   121 | D        | Killed a yak
   122 | D        | Reached XP level 7. HP: 62/78 MP: 7/7
   122 | D        | Found an opulent altar of Gozag.
   123 | D        | Found a sparkling altar of Nemelex Xobeh.
   128 | D        | Noticed a shining eye
   131 | D        | Noticed a shining eye
   132 | D        | Noticed Sonja
   142 | D        | Mangled by Sonja

Illustrated notes

Levels and vault maps discovered:
D:        dungeon_sprint_1 [red_sonja_temple_1, red_sonja_temple_small_1]

Skill      XL: |  1  2  3  4  5  6 |
---------------+-------------------+-----
Fighting       | 3 4 6 7 |  7.0
Staves         | 4 6 7 8 |  8.8
Dodging        | 4 5 6 7 |  7.7
Throwing       | 3 5 6 |  6.2
Stealth        | 1 2 3 |  3.4
Polearms       | |  0.4

Action                   |  1- 3 |  4- 6 |  7- 9 || total
-------------------------+-------+-------+-------++-------
Melee: Quarterstaff      |    18 |       |       ||    18
       Halberd           |       |     7 |       ||     7
Throw: Throwing net      |     4 |     2 |       ||     6
       Large rock        |     2 |     3 |     1 ||     6
  Use: Potion            |     2 |       |       ||     2
       Scroll            |       |       |     1 ||     1
 Stab: Held in net/web   |     3 |       |       ||     3
Armor: Robe              |     2 |       |       ||     2
Dodge: Dodged            |     7 |     4 |     3 ||    14

Table legend: (Time is in decaauts)
 A = Elapsed time spent in this place.
 B = Non-inter-level travel time spent in this place.
 C = Inter-level travel time spent in this place.
 D = Time resting spent in this place.
 E = Time spent auto-exploring this place.
 F = Levels seen in this place.
 G = Mean time per level.
                   A        B        C        D        E       F      G
               +--------+--------+--------+--------+--------+-----+--------+
         Total |    152 |    152 |      0 |      0 |      0 |   1 |  152.0 |
       Dungeon |    152 |    152 |      0 |      0 |      0 |   1 |  152.0 |
               +--------+--------+--------+--------+--------+-----+--------+

Top non-repeatable levels by time:
       D: 152 daAuts
